 Dungeon Crawl Stone Soup version 0.22-a0-525-gf69a080 (webtiles) character file.

2821 GameOver the Stinger (level 9, -1/82 HPs)
             Began as a Naga Wizard on June 21, 2018.
             Was a Believer of Kikubaaqudgha.
             Slain by a wight
             ... wielding a +4 great sword
              (5 damage)
             ... on level 6 of the Dungeon.
             The game lasted 00:35:16 (5153 turns).

GameOver the Stinger (Naga Wizard)                  Turns: 5153, Time: 00:35:16

Health: -1/82      AC:  6    Str:  9    XL:     9   Next: 73%
Magic:  0/13       EV: 11    Int: 22    God:    Kikubaaqudgha [**....]
Gold:   18         SH:  0    Dex: 10    Spells: 5/14 levels left

rFire    . . .     SeeInvis +   v - +0 trident
rCold    . . .     Gourm    +   (no shield)
rNeg     . . .     Faith    .   o - +0 leather armour
rPois    +         Spirit   .   b - +0 hat
rElec    .         Reflect  .   r - +0 cloak
rCorr    .         Harm     .   A - +0 pair of gloves
MR       +....                  (no barding)
Stlth    ++........             G - amulet of the gourmand
HPRegen  0.23/turn              J - +3 ring of evasion
MPRegen  0.13/turn              (no ring)

@: very slightly contaminated, heavily drained, very slow
A: large, see invisible, deformed body, poison resistance, slowness 2, slow
metabolism 1, spit poison 1, AC +3
a: Spit Poison, Receive Corpses, Renounce Religion


You were on level 6 of the Dungeon.
You worshipped Kikubaaqudgha.
Kikubaaqudgha was pleased with you.
You were very full.

You visited 1 branch of the dungeon, and saw 6 of its levels.
You also visited: Sewer.

You collected 306 gold pieces.
You spent 288 gold pieces at shops.

Inventory:

Hand Weapons
 c - a +0 long sword
 i - a +0 short sword
 v - a +0 trident (weapon)
 B - a +0 spear
 D - a +0 hunting sling
 K - a +3 scimitar
 L - a +4 battleaxe
 M - a +2 hand axe of freezing
Missiles
 l - 41 sling bullets
Armour
 b - a +0 hat (worn)
 m - a +4 ring mail of cold resistance
 o - a +0 leather armour (worn)
 r - a +0 cloak (worn)
 A - a +0 pair of gloves (worn)
Jewellery
 G - an amulet of the gourmand (around neck)
 J - a +3 ring of evasion (left hand)
Wands
 n - a wand of iceblast (12)
 C - a wand of flame (20)
Scrolls
 a - a scroll of vulnerability {unknown}
 f - 3 scrolls of remove curse {unknown}
 h - 3 scrolls of blinking
 j - 2 scrolls of magic mapping {unknown}
 k - 6 scrolls of teleportation
 p - a scroll of immolation {unknown}
 t - a scroll of enchant armour {unknown}
 u - 3 scrolls of fear {unknown}
 y - 2 scrolls of fog {unknown}
 z - 4 scrolls of identify {unknown}
 E - a scroll of noise {unknown}
 F - a scroll of enchant weapon {unknown}
 H - a scroll of random uselessness {unknown}
Potions
 e - a potion of curing
 g - a potion of invisibility {unknown}
 s - a potion of brilliance {unknown}
 w - 2 potions of heal wounds
 x - 2 potions of magic
Comestibles
 d - 14 rations


   Skills:
 - Level 6.0(3.2) Fighting
 - Level 2.0(0.0) Short Blades
 + Level 5.7(2.9) Polearms
 + Level 1.6(0.0) Armour
 - Level 1.5(0.0) Dodging
 - Level 5.0(2.3) Stealth
 - Level 3.0(0.4) Spellcasting
 - Level 6.2(3.4) Conjurations
   Level 1.0(0.0) Summonings
 + Level 1.5(0.0) Necromancy
 - Level 3.1(0.5) Translocations
 - Level 6.6(3.7) Poison Magic


You had 5 spell levels left.
You knew the following spells:

 Your Spells              Type           Power        Failure   Level  Hunger
a - Magic Dart            Conj           ###.         5%          1    ##.....
b - Blink                 Tloc           N/A          26%         2    ###....
d - Mephitic Cloud        Conj/Pois/Air  ##......     26%         3    ####...
s - Conjure Flame         Conj/Fire      #.......     32%         3    ####...

Your spell library contained the following spells:

 Spells                   Type           Power        Failure   Level  Hunger
 Slow                     Hex            #.......     34%         2    ###....
 Pain                     Necr           #...         22%         1    ##.....
 Call Imp                 Summ           #.......     34%         2    ###....
 Regeneration             Chrm/Necr      #.........   56%         3    ####...
 Sublimation of Blood     Necr           #.........   34%         2    ###....
 Corpse Rot               Necr           N/A          34%         2    ###....


Dungeon Overview and Level Annotations

Branches:
Dungeon (6/15)             Temple (0/1) D:4

Altars:
Kikubaaqudgha
Makhleb
Okawaru
Qazlal
Trog
Vehumet

Shops:
D:6 !


Innate Abilities, Weirdness & Mutations

You cannot wear boots.
Your serpentine skin is tough. (AC +3)
You have supernaturally acute eyesight. (SInv)
Armour fits poorly on your strangely shaped body.
Your system is resistant to poisons. (rPois)
You cover ground very slowly.
You have a slow metabolism.
You can spit poison.


Message History

Aiming: Magic Dart (safe; 4% risk of failure)
Press: ? - help, Shift-Dir - straight line, f/p - wight
Aim: a wight, wielding an enchanted great sword and wearing a robe (almost destroyed)
The magic dart hits the wight.
The wight is almost destroyed.
The wight hits you with an enchanted great sword.
* * * LOW HITPOINT WARNING * * *
Unknown command.
Casting: Magic Dart (safe; 4% risk of failure)
Confirm with . or Enter, or press ? or * to list all spells.
Aiming: Magic Dart (safe; 4% risk of failure)
Press: ? - help, Shift-Dir - straight line, f/p - wight
Aim: a wight, wielding an enchanted great sword and wearing a robe (almost destroyed)
The magic dart hits the wight.
The wight is almost destroyed.
The wight hits you with an enchanted great sword!
* * * LOW HITPOINT WARNING * * *
You feel drained.
You die...
Kikubaaqudgha rasps: "You have failed me!
Welcome... death!"

#...##.###.......
#...##..##.......
#....#...#.......
#...###.###.#+###
#....#...#..#..#
##.#?..#...#...#
#)###.###.###..#
##z.#...#...#...##
#@#...#...#...#...
####.###.###.###..
... ...#...#..#
..#...#...#....#
#.# #.###.###....
## ..#...#.....
#.. #......#
#.###.....#
...#.......


You could see a wight.

Vanquished Creatures
  A two-headed ogre (D:5)
  Sigmund (D:3)
  A water moccasin (D:6)
  2 orc warriors (D:6)
  4 ogres
  A centaur (D:5)
  4 bullfrogs (D:6)
  A big kobold (Sewer)
  A scorpion (D:5)
  4 wights (D:6)
  3 orc priests
  3 hounds (D:4)
  A jelly (D:6)
  3 orc wizards
  2 gnoll shamans
  An iguana (D:2)
  Terence (D:2)
  3 worker ants
  A howler monkey zombie (D:6)
  2 worker ant zombies (D:5)
  12 adders
  6 gnolls
  7 river rats
  An adder skeleton (D:4)
  An adder zombie (D:5)
  4 worms
  A dart slug (D:2)
  2 leopard geckos
  25 orcs
  8 bats
  2 giant cockroaches (D:2)
  5 goblins
  10 hobgoblins
  9 jackals
  3 quokkas
  A ball python (D:1)
  3 frilled lizards
  12 kobolds
  A leopard gecko zombie (D:6)
  15 rats
168 creatures vanquished.

Notes
Turn   | Place    | Note
-------+----------+-------------------------------------------
     0 | D:1      | GameOver the Naga Wizard began the quest for the Orb.
     0 | D:1      | Reached XP level 1. HP: 15/15 MP: 4/4
   136 | D:1      | Reached XP level 2. HP: 22/22 MP: 6/6
   584 | D:2      | Found a radiant altar of Vehumet.
   616 | D:2      | Reached XP level 3. HP: 28/28 MP: 7/7
   620 | D:2      | Learned a level 2 spell: Blink
   624 | D:2      | Learned a level 3 spell: Mephitic Cloud
   800 | D:2      | Reached XP level 4. HP: 31/36 MP: 4/8
   858 | D:2      | Noticed Terence
   876 | D:2      | Killed Terence
  1021 | D:2      | Learned a level 3 spell: Conjure Flame
  1301 | D:2      | Reached XP level 5. HP: 37/42 MP: 5/9
  1327 | D:2      | Found a bloodstained altar of Trog.
  1695 | D:3      | Noticed Sigmund
  1710 | D:3      | Killed Sigmund
  1710 | D:3      | Reached XP level 6. HP: 46/49 MP: 2/10
  1807 | D:3      | Reached skill level 1 in Poison Magic
  1874 | D:3      | Reached skill level 1 in Fighting
  1949 | D:3      | Found a glowing drain.
  1956 | Sewer    | Entered a sewer
  2022 | Sewer    | Reached XP level 7. HP: 58/58 MP: 6/11
  2101 | Sewer    | Reached skill level 1 in Short Blades
  2367 | D:3      | Found a stormy altar of Qazlal.
  2646 | D:3      | Found an ancient bone altar of Kikubaaqudgha.
  2653 | D:3      | Became a worshipper of Kikubaaqudgha
  2773 | D:4      | Found a burning altar of Makhleb.
  2960 | D:4      | Found a staircase to the Ecumenical Temple.
  3084 | D:4      | Reached skill level 1 in Polearms
  3138 | D:4      | Reached XP level 8. HP: 63/69 MP: 10/12
  3293 | D:5      | Entered Level 5 of the Dungeon
  3360 | D:5      | Reached skill level 5 in Poison Magic
  3444 | D:5      | Noticed a two-headed ogre
  3445 | D:5      | Reached * piety under Kikubaaqudgha
  3445 | D:5      | Identified Kikubaaqudgha's Compendium of Black Rituals (Kikubaaqudgha gifted it to you on level 5 of the Dungeon)
  3445 | D:5      | Received a gift from Kikubaaqudgha
  3461 | D:5      | Killed a two-headed ogre
  3461 | D:5      | Reached skill level 5 in Fighting
  3646 | D:5      | Found an iron altar of Okawaru.
  3652 | D:5      | Reached XP level 9. HP: 62/81 MP: 11/13
  4173 | D:5      | Reached skill level 5 in Stealth
  4235 | D:6      | Found Netomink's Distillery.
  4237 | D:6      | Bought a potion of degeneration for 12 gold pieces
  4237 | D:6      | Bought a potion of haste for 120 gold pieces
  4237 | D:6      | Bought a potion of heal wounds for 60 gold pieces
  4237 | D:6      | Bought a potion of magic for 96 gold pieces
  4409 | D:6      | Reached skill level 5 in Polearms
  4691 | D:6      | Reached skill level 1 in Armour
  4856 | D:6      | Reached skill level 1 in Necromancy
  5090 | D:6      | Reached ** piety under Kikubaaqudgha
  5153 | D:6      | HP: 4/82 [wight/enchanted great sword (11)]
  5153 | D:6      | Slain by a wight

Vault maps used:
D:1:      minmay_arrival_shattered_statue
D:2:      bloody_trog, fiery_altar_vehumet, first_ration, uniq_terence
D:3:      kiku_gazebo_pond_becter, lightli_sewer_entry_pipes,
          roderic_roman_lattice, grunt_qazlal_sundering, uniq_sigmund
D:4:      temple_fountains, makhleb_blood_cavern_becter
D:5:      okawaru_ov_weapons_minmay
D:6:      good_gods_temple_1, serial_shops, shop, small_statue_intersection,
          kennysheep_doodads
Sewer:    sewer_co_15_rooms

Skill      XL: |  1  2  3  4  5  6  7  8  9 |
---------------+----------------------------+-----
Conjurations   | 2 3 4 6 |  6.2
Poison Magic   | 2 4 6 |  6.6
Fighting       | 1 3 5 6 |  6.0
Short Blades   | 2 |  2.0
Polearms       | 1 4 5 |  5.7
Stealth        | 4 5 |  5.0
Translocations | 2 3 |  3.1
Armour         | 1 |  1.6
Necromancy     | 1 |  1.5
Dodging        | |  1.5
Spellcasting   | |  3.0
Summonings     | |  1.0

Action                   |  1- 3 |  4- 6 |  7- 9 || total
-------------------------+-------+-------+-------++-------
Melee: Dagger            |     8 |       |       ||     8
       Short sword       |       |    38 |    22 ||    60
       Spear             |       |       |    48 ||    48
       Trident           |       |       |   203 ||   203
 Cast: Magic Dart        |    27 |    69 |   113 ||   209
       Mephitic Cloud    |       |     3 |    15 ||    18
       Conjure Flame     |       |       |     6 ||     6
       Blink             |       |       |     2 ||     2
 Abil: Spit Poison       |    28 |    37 |    69 ||   134
  Use: Potion            |       |     1 |     5 ||     6
       Scroll            |       |       |     2 ||     2
 Stab: Confused          |       |     3 |    12 ||    15
       Sleeping          |       |     1 |     2 ||     3
  Eat: Chunk             |     1 |     6 |    28 ||    35
Armor: Robe              |     7 |     7 |    11 ||    25
       Skin              |       |       |    15 ||    15
       Leather armour    |       |       |     6 ||     6
Dodge: Dodged            |    11 |    22 |    77 ||   110

Table legend:
 A = Spawn XP
 B = Non-spawn XP
 C = Spawn XP percentage of total XP
 D = Spawn monster count
 E = Non-spawn monster count
 F = Spawn count percentage of total count
 G = Total turns spent on level
                    A         B        C        D         E        F      G
               +---------+---------+-------+---------+---------+-------+---------
         Total |       0 |    4030 |   0.0 |       0 |     168 |   0.0 |  5153
               +---------+---------+-------+---------+---------+-------+---------
           D:1 |       0 |      33 |   0.0 |       0 |      22 |   0.0 |   584
           D:2 |       0 |     146 |   0.0 |       0 |      26 |   0.0 |   973
           D:3 |       0 |     397 |   0.0 |       0 |      26 |   0.0 |   776
           D:4 |       0 |     569 |   0.0 |       0 |      22 |   0.0 |   652
           D:5 |       0 |    1346 |   0.0 |       0 |      27 |   0.0 |   889
           D:6 |       0 |    1341 |   0.0 |       0 |      25 |   0.0 |   918
         Sewer |       0 |     198 |   0.0 |       0 |      20 |   0.0 |   361
               +---------+---------+-------+---------+---------+-------+---------
